[Event "Titled Tuesday Blitz November 15 Late 2022"]
[White "Poliakova, Varvara"]
[Black "Kopylov, Alexander A."]
[WhiteFideId "13518313"]
[BlackFideId "4164857"]
[WhiteElo "2099"]
[BlackElo "2436"]
[Result "0-1"]
[Round "05"]
[TimeControl "180+1"]
[Date "2022.11.16"]
[WhiteClock "0:00:08"]
[BlackClock "0:00:53"]

1. e4 e5 2. Nf3 Nc6 3. Bc4 Nf6 4. d3 Be7 5. c3 O-O 6. Bb3 d6 7. O-O h6 8. Nbd2 Nh7 9. Re1 Ng5 10. Nxg5 Bxg5 11. Nf3 Bxc1 12. Qxc1 Qf6 13. Qe3 Bg4 14. Nd2 Ne7 15. Qg3 Be6 16. Nc4 Ng6 17. Ne3 Nf4 18. Nd5 Bxd5 19. Bxd5 c6 20. Bb3 Kh7 21. Bc2 Rae8 22. Qg4 h5 23. Qf5+ Qxf5 24. exf5 Kh6 25. g3 Nd5 26. h4 Ne7 27. d4 exd4 28. cxd4 Nd5 29. Be4 Nf6 30. Bd3 Rxe1+ 31. Rxe1 Re8 32. Rc1 Nd5 33. a3 a5 34. Kg2 Kh7 35. Kf3 Kg8 36. Be4 Nf6 37. Bd3 Kf8 38. Kf4 Ng4 39. Kf3 Ke7 40. b4 axb4 41. axb4 Ra8 42. b5 Kd7 43. bxc6+ bxc6 44. Be2 Ra4 45. Rd1 Ke7 46. Kg2 Kf6 47. Bxg4 hxg4 48. Rc1 Ra6 49. Re1 Kxf5 50. Re7 Kf6 51. Rc7 Ke6 52. Kf1 f5 53. Ke2 Kd5 54. Rxg7 Kxd4 55. h5 c5 56. h6 d5 57. h7 Rh6 58. Kd2 c4 59. Rf7 Ke4 60. Ke2 d4 61. Re7+ Kd5 62. Ra7 Rh2 63. Ra5+ Ke4 64. Ra7 f4 65. Re7+ Kd5 66. gxf4 g3 67. Kf3 gxf2 68. Ke2 d3+ 69. Kf1 c3 70. Rd7+ Ke4 71. Re7+ Kxf4 72. Rd7 d2 73. h8=Q Rxh8 74. Kxf2 c2 0-1


[Site "https://www.chess.com"]

[Event "Titled Tuesday Blitz November 15 Late 2022"]
[White "Prithu Gupta"]
[Black "Winterberg, Lukas"]
[WhiteFideId "46618546"]
[BlackFideId "24622702"]
[WhiteElo "2344"]
[BlackElo "2349"]
[Result "0-1"]
[Round "05"]
[TimeControl "180+1"]
[Date "2022.11.16"]
[WhiteClock "0:00:01"]
[BlackClock "0:00:14"]

1. d4 Nf6 2. c4 e6 3. Nc3 d5 4. cxd5 exd5 5. Bg5 c6 6. e3 h6 7. Bh4 Be7 8. Qc2 O-O 9. Bd3 Re8 10. Nge2 a5 11. O-O Na6 12. a3 Nc7 13. f3 c5 14. Bf2 c4 15. Bf5 b5 16. Bxc8 Rxc8 17. e4 b4 18. axb4 axb4 19. Nxd5 Ncxd5 20. exd5 Nxd5 21. Ng3 b3 22. Qd1 Nf4 23. Ne4 Nd3 24. Qd2 f5 25. Nc3 Bf6 26. Nb5 Bg5 27. Qd1 Nxf2 28. Rxf2 Be3 29. Kf1 Bxf2 30. Kxf2 Qe7 31. Qd2 f4 32. Nc3 Qh4+ 33. Kg1 Re3 34. Nd5 Rd3 35. Qe2 Kh8 36. Ne7 Qf6 37. Nxc8 Qxd4+ 38. Kf1 Re3 39. Qd1 Qxb2 40. Ra8 Kh7 41. Nd6 Rd3 42. Qe1 Rxd6 43. Qe4+ Rg6 44. Qxc4 Qb1+ 45. Kf2 Rd6 0-1


[Site "https://www.chess.com"]

[Event "Titled Tuesday Blitz November 15 Late 2022"]
[White "Prohorov, Olexandr"]
[Black "Marcolino, Daniel Mattos"]
[WhiteFideId "14105578"]
[BlackFideId "2106841"]
[WhiteElo "1993"]
[BlackElo "2092"]
[Result "1-0"]
[Round "05"]
[TimeControl "180+1"]
[Date "2022.11.16"]
[WhiteClock "0:01:28"]
[BlackClock "0:00:07"]

1. c4 e6 2. Nc3 Nf6 3. Nf3 d5 4. d4 Bb4 5. Qa4+ Nc6 6. Ne5 Bd7 7. Nxd7 Qxd7 8. e3 O-O 9. Bd2 a6 10. cxd5 exd5 11. Bd3 Bd6 12. O-O Rfe8 13. f3 Rad8 14. Rae1 Nb4 15. Qxd7 Rxd7 16. Bb1 c5 17. Na4 cxd4 18. exd4 Rde7 19. Nc5 Nc6 20. Rxe7 Rxe7 21. Bc3 Bxc5 22. dxc5 d4 23. Bd2 a5 24. Kf2 Nd7 25. Rc1 Re5 26. Be4 Rxc5 27. Rxc5 Nxc5 28. Bxc6 bxc6 29. Bxa5 Kf8 30. Ke2 Ke7 31. Bb4 Kd6 32. a4 Kd5 33. a5 Na6 34. Ba3 Kc4 35. Kd2 Kb5 36. Bf8 g6 37. b4 Nxb4 38. Bxb4 Kxb4 39. a6 c5 40. a7 c4 41. a8=Q c3+ 42. Kd3 1-0


[Site "https://www.chess.com"]

[Event "Titled Tuesday Blitz November 15 Late 2022"]
[White "Prydun, Andriy"]
[Black "Krishnan, Varun"]
[WhiteFideId "14145898"]
[BlackFideId "5054508"]
[WhiteElo "2163"]
[BlackElo "2555"]
[Result "1/2-1/2"]
[Round "05"]
[TimeControl "180+1"]
[Date "2022.11.16"]
[WhiteClock "0:00:06"]
[BlackClock "0:00:03"]

1. d4 Nf6 2. Nc3 e6 3. e4 d5 4. e5 Nfd7 5. Nce2 c5 6. c3 Nc6 7. f4 a6 8. Nf3 b5 9. Be3 Qb6 10. Kf2 b4 11. c4 cxd4 12. Nexd4 Nxd4 13. Nxd4 Nc5 14. cxd5 exd5 15. Bd3 Bb7 16. Rc1 Nxd3+ 17. Qxd3 Bc5 18. Nf5 Bxe3+ 19. Qxe3 Qxe3+ 20. Kxe3 Kd7 21. Kd4 f6 22. Rhe1 Rae8 23. Nxg7 fxe5+ 24. fxe5 Reg8 25. e6+ Ke7 26. Rc7+ Kf6 27. Rf1+ Kg6 28. Nf5 Rb8 29. Rg7+ Kf6 30. Rc7 Kxe6 31. Re7+ Kf6 32. Rxb7 Rxb7 33. Nd6+ Ke6 34. Nxb7 Rg8 35. g3 h5 36. Nc5+ Ke7 37. Nxa6 h4 38. gxh4 Rg2 39. Nxb4 Rxb2 40. Nxd5+ Kd6 41. Nc3 Rb4+ 42. Kd3 Rxh4 43. Rf2 Kc5 44. Rf5+ Kd6 45. Rf2 Kc5 46. a4 Rh3+ 47. Kc2 Kb4 48. Rf4+ Ka5 49. Rf5+ Kb4 50. Rf4+ Ka5 51. Kb3 Rxh2 52. Rf5+ Ka6 53. Rd5 Rh4 54. Rb5 Rd4 55. Rb4 Rd2 56. Re4 Rh2 57. Kc4 Rh8 58. Re6+ Ka5 59. Re5+ Ka6 60. Ne4 Rh4 61. Kb4 Rg4 62. Re6+ Ka7 63. a5 Rf4 64. Kb5 Rf1 65. Nc5 Rb1+ 66. Kc6 Rb2 67. Re7+ Ka8 68. a6 Rb8 69. Re6 Ka7 70. Kd5 Rh8 71. Kc4 Rh1 72. Re7+ Ka8 73. Na4 Rh6 74. Kb5 Kb8 75. a7+ Ka8 76. Kc4 Ra6 77. Nc5 Rb6 78. Re8+ Kxa7 79. Re7+ Ka8 80. Kd5 Rh6 81. Kc4 Kb8 82. Kb5 Kc8 83. Rf7 Kd8 84. Ra7 Ke8 85. Kc4 Kf8 86. Ne4 Re6 87. Kd5 Re7 88. Ra8+ Kf7 89. Nd6+ Kf6 90. Rf8+ Kg7 91. Nf5+ Kxf8 92. Nxe7 1/2-1/2


[Site "https://www.chess.com"]

[Event "Titled Tuesday Blitz November 15 Late 2022"]
[White "Radovanovic, Dusan"]
[Black "Guz, Ari"]
[WhiteFideId "926868"]
[BlackFideId "2825759"]
[WhiteElo "2341"]
[BlackElo "2205"]
[Result "0-1"]
[Round "05"]
[TimeControl "180+1"]
[Date "2022.11.16"]
[WhiteClock "0:00:15"]
[BlackClock "0:00:15"]

1. e4 Nf6 2. e5 Nd5 3. d4 d6 4. Bc4 Nb6 5. Bb3 d5 6. c3 Bf5 7. Ne2 e6 8. Nd2 c5 9. Nf3 Nc6 10. h3 Be7 11. O-O O-O 12. Be3 cxd4 13. Nexd4 Bg6 14. Re1 Rc8 15. a4 Na5 16. Bc2 Nbc4 17. Bxg6 hxg6 18. Bc1 Qb6 19. b3 Nxe5 20. Nxe5 Rxc3 21. Nd7 Qa6 22. Nxf8 Bxf8 23. Re3 Rc8 24. Bd2 Qb6 25. Bxa5 Qxa5 26. Rc1 Rd8 27. Qd3 a6 28. h4 Be7 29. Rh3 e5 30. Ne2 e4 31. Qe3 Bf6 32. h5 g5 33. h6 g6 34. h7+ Kh8 35. Rd1 Qb4 36. Nd4 Rc8 37. Qd2 Qd6 38. Rc3 Rd8 39. g3 Kxh7 40. Kg2 Kg7 41. Rdc1 Qe5 42. Ne2 d4 43. Rc8 Rd7 44. R8c4 Qd5 45. b4 e3+ 46. f3 exd2 47. R1c2 d3 48. Rd4 Bxd4 49. Rxd2 dxe2 50. g4 Qe5 0-1


[Site "https://www.chess.com"]

[Event "Titled Tuesday Blitz November 15 Late 2022"]
[White "Rangel, Daniel"]
[Black "Yurovskykh, Oleksandr"]
[WhiteFideId "2124475"]
[BlackFideId "14134020"]
[WhiteElo "2225"]
[BlackElo "2265"]
[Result "1-0"]
[Round "05"]
[TimeControl "180+1"]
[Date "2022.11.16"]
[WhiteClock "0:00:11"]
[BlackClock "0:00:19"]

1. c4 c6 2. d4 d5 3. Nc3 Nf6 4. cxd5 cxd5 5. Bf4 Nc6 6. e3 a6 7. Nf3 Bg4 8. Be2 e6 9. h3 Bh5 10. Ne5 Bxe2 11. Qxe2 Rc8 12. O-O Be7 13. a3 O-O 14. Rac1 Nxe5 15. Bxe5 Qd7 16. Bxf6 Bxf6 17. Rc2 Rc6 18. Rfc1 Rfc8 19. Na2 Be7 20. Qd3 g6 21. Rxc6 Rxc6 22. Rc3 Kf8 23. g3 Ke8 24. Kg2 h5 25. h4 Kd8 26. Qc2 Rxc3 27. Nxc3 Qc6 28. Qe2 Bxa3 29. Qf3 Bxb2 30. Nd1 Ba3 31. Qxf7 Be7 32. Qxg6 a5 33. Qxh5 a4 34. Qf3 a3 35. Qe2 b5 36. h5 b4 37. h6 b3 38. h7 Qe8 39. Qa6 Bf6 40. Qb6+ Ke7 41. Qxb3 Kf7 42. Qxa3 Qh8 43. Qa7+ Be7 44. Qd7 Qxh7 45. Qc7 Qe4+ 46. Kh2 Qh7+ 47. Kg2 Qd3 48. Qf4+ Ke8 49. Qf3 Qd2 50. Kf1 Qc2 51. Qe2 Qe4 52. f3 Qb1 53. Kg2 Qh7 54. Nf2 Bd6 55. Ng4 Qb1 56. f4 Qe4+ 57. Qf3 Qc2+ 58. Nf2 Bb4 59. g4 Be1 60. g5 Kf8 61. Kg3 Kg7 62. Kg2 Qd2 63. Kf1 Bxf2 64. Qxf2 Qd1+ 65. Kg2 Qg4+ 66. Qg3 Qe2+ 67. Kh3 Qh5+ 68. Kg2 Qe2+ 69. Kg1 Kg6 70. Qf2 Qd1+ 71. Kg2 Qg4+ 72. Kf1 Qd1+ 73. Kg2 Qg4+ 74. Kh2 Qh5+ 75. Kg3 Kf5 76. Qc2# 1-0


[Site "https://www.chess.com"]

[Event "Titled Tuesday Blitz November 15 Late 2022"]
[White "Rasulov, Vugar"]
[Black "Mr_Penings"]
[WhiteFideId "13402390"]
[WhiteElo "2509"]
[BlackElo "2672"]
[Result "0-1"]
[Round "05"]
[TimeControl "180+1"]
[Date "2022.11.15"]
[WhiteClock "0:00:58"]
[BlackClock "0:00:36"]

1. e4 c5 2. Nf3 e6 3. g3 Nc6 4. Bg2 Nf6 5. Qe2 d6 6. O-O Be7 7. Rd1 O-O 8. d4 cxd4 9. Nxd4 Bd7 10. c4 Qc7 11. Nb5 Qb8 12. N1c3 a6 13. Nd4 Qc7 14. b3 Rfe8 15. Bb2 Bf8 16. Rac1 Ne5 17. f4 Ng6 18. h4 h5 19. Nf3 Ng4 20. Nh2 Qc5+ 21. Kf1 Nxh2+ 22. Ke1 Ng4 23. e5 Bc6 24. Bxc6 Qxc6 25. exd6 Bxd6 26. Ne4 Bb4+ 27. Kf1 f5 28. Nf2 Rad8 29. Nxg4 hxg4 30. Kg1 Bc5+ 31. Kh2 Kf7 32. Bc3 Qe4 33. Qf1 Rh8 34. Rxd8 Rxd8 35. b4 Be3 36. Re1 Rd3 37. h5 Nxf4 38. gxf4 Bxf4+ 39. Kg1 Rg3+ 40. Kf2 Qf3# 0-1


[Site "https://www.chess.com"]

[Event "Titled Tuesday Blitz November 15 Late 2022"]
[White "Reprintsev, Alexander"]
[Black "Nugumanov, Bakhtiyar"]
[WhiteFideId "14100541"]
[BlackFideId "13701797"]
[WhiteElo "2230"]
[BlackElo "2287"]
[Result "0-1"]
[Round "05"]
[TimeControl "180+1"]
[Date "2022.11.16"]
[WhiteClock "0:01:49"]
[BlackClock "0:00:55"]

1. e4 c5 2. b3 e6 3. Qe2 Nc6 4. Bb2 Nf6 5. e5 Nd5 6. g3 Be7 7. Bg2 O-O 8. c4 Ndb4 9. d3 Nd4 10. Bxd4 cxd4 11. a3 Qa5 12. Kf1 Nc6 13. h4 Qxe5 14. Bxc6 Qxe2+ 15. Nxe2 dxc6 16. Nxd4 Bf6 17. Nc2 Bxa1 18. Nxa1 Rd8 19. Ke2 e5 20. f3 Bf5 21. Rd1 Rd6 22. g4 Be6 23. Nc3 f5 24. g5 Rad8 25. Nc2 f4 26. Ne4 R6d7 27. Nc5 Re7 28. Nxe6 Rxe6 29. Kd2 e4 30. fxe4 Rxe4 31. Rf1 f3 32. Rxf3 Rxh4 33. d4 Rg4 34. Rf5 Re8 35. Kc3 Rg3+ 36. Kb4 g6 37. Ra5 a6 38. d5 Rxg5 39. dxc6 Rxa5 40. Kxa5 bxc6 41. Nd4 c5 42. Nf3 Re3 43. Ng5 h6 0-1


[Site "https://www.chess.com"]

[Event "Titled Tuesday Blitz November 15 Late 2022"]
[White "Riff, Vincent"]
[Black "Babazada, Khazar"]
[WhiteFideId "617776"]
[BlackFideId "13413554"]
[WhiteElo "2369"]
[BlackElo "2359"]
[Result "1-0"]
[Round "05"]
[TimeControl "180+1"]
[Date "2022.11.16"]
[WhiteClock "0:00:11"]
[BlackClock "0:00:03"]

1. e4 c5 2. Nc3 Nc6 3. Bb5 g6 4. Bxc6 dxc6 5. d3 Bg7 6. f4 Nf6 7. Nf3 O-O 8. O-O b6 9. Qe1 Qc7 10. Qh4 b5 11. f5 b4 12. Ne2 c4 13. Bh6 cxd3 14. cxd3 Qb6+ 15. Kh1 Ba6 16. Bxg7 Kxg7 17. e5 Ng8 18. Nf4 Rad8 19. Ng5 h6 20. fxg6 Qe3 21. Nh5+ Kxg6 22. Ne4 Bc8 23. Rf3 Qg5 24. Nxg5 hxg5 25. Nf4+ gxf4 26. Qxf4 Nh6 27. Rg3+ Kh7 28. Rf1 Bf5 29. h3 c5 30. Qh4 e6 31. Rg5 Rd4 32. Rf4 Rxf4 33. Qxf4 Bg6 34. h4 Rd8 35. Qf6 Rd4 36. g3 Ng8 37. Qf3 Rxd3 38. Qf4 Rd4 39. Qe3 Nh6 40. h5 Be4+ 41. Kh2 Bf5 42. Qf2 Ng4+ 43. Rxg4 Rxg4 44. Qxc5 Re4 45. Qe7 Re2+ 46. Kg1 Re1+ 47. Kf2 Rb1 48. Qxf7+ Kh6 49. g4 Rxb2+ 50. Kg3 Be4 51. Qf4+ Kg7 52. Qxe4 1-0


[Site "https://www.chess.com"]

[Event "Titled Tuesday Blitz November 15 Late 2022"]
[White "Rodriguez Santiago, Jaime"]
[Black "Bouget, Alexandre"]
[WhiteFideId "3100898"]
[BlackFideId "681318"]
[WhiteElo "2025"]
[BlackElo "2177"]
[Result "0-1"]
[Round "05"]
[TimeControl "180+1"]
[Date "2022.11.16"]
[WhiteClock "0:00:33"]
[BlackClock "0:01:21"]

1. c4 e5 2. Nc3 Nc6 3. g3 g6 4. Bg2 Bg7 5. e4 Nge7 6. Nge2 d6 7. O-O O-O 8. d3 f5 9. f4 Nd4 10. Nxd4 exd4 11. Ne2 fxe4 12. Bxe4 c6 13. Bg2 Nf5 14. Rb1 Re8 15. b4 Ne3 16. Bxe3 Rxe3 17. Nc1 Qe7 18. b5 c5 19. a4 h5 20. a5 Rb8 21. Rb2 Bg4 22. Qb3 b6 23. a6 Re8 24. Rbf2 h4 25. Bd5+ Kh7 26. Bf3 Bh3 27. Rd1 Re1+ 0-1


[Site "https://www.chess.com"]

[Event "Titled Tuesday Blitz November 15 Late 2022"]
[White "Rorrer, Grayson"]
[Black "Storey, Charles H"]
[WhiteFideId "30944996"]
[BlackFideId "406686"]
[WhiteElo "2130"]
[BlackElo "2252"]
[Result "0-1"]
[Round "05"]
[TimeControl "180+1"]
[Date "2022.11.16"]
[WhiteClock "0:00:01"]
[BlackClock "0:00:05"]

1. e4 g6 2. d4 Bg7 3. Nc3 c5 4. dxc5 Bxc3+ 5. bxc3 Nf6 6. e5 Ne4 7. Qd4 Qa5 8. Ne2 Nxc5 9. Bh6 Nc6 10. Qe3 Ne6 11. f4 b6 12. g3 Qa4 13. Bg2 Qxc2 14. Be4 Qb2 15. O-O Ba6 16. Rae1 O-O-O 17. Qf3 Qb5 18. Kh1 Nc5 19. Bd5 e6 20. c4 Qa5 21. Bg5 exd5 22. cxd5 Bb7 23. Bxd8 Rxd8 24. Rd1 Ne7 25. Kg1 Nf5 26. Rfe1 Qxa2 27. Nc3 Qb3 28. Rb1 Qc4 29. Rbc1 Nd4 30. Qe3 Bxd5 31. Ne4 Qa4 32. Nxc5 bxc5 33. Rxc5+ Bc6 34. Rec1 Ne6 35. R5c4 Qa5 36. R4c3 Qb6 0-1


[Site "https://www.chess.com"]

[Event "Titled Tuesday Blitz November 15 Late 2022"]
[White "Sabuk, Piotr"]
[Black "Mikaelyan, Arman"]
[WhiteFideId "1137565"]
[BlackFideId "13304852"]
[WhiteElo "2326"]
[BlackElo "2456"]
[Result "0-1"]
[Round "05"]
[TimeControl "180+1"]
[Date "2022.11.15"]
[WhiteClock "0:00:02"]
[BlackClock "0:00:19"]

1. d4 d5 2. c4 c6 3. Nf3 Nf6 4. g3 g6 5. Bg2 Bg7 6. O-O O-O 7. cxd5 cxd5 8. Ne5 e6 9. Nc3 Nc6 10. Nxc6 bxc6 11. Bf4 Nd7 12. Na4 Ba6 13. Rc1 Bb5 14. Bd6 Re8 15. Nc5 Nxc5 16. Bxc5 e5 17. Re1 Qa5 18. a3 exd4 19. Bxd4 Bxd4 20. Qxd4 Rxe2 21. Rxe2 Bxe2 22. Qe5 Qd2 23. Qc3 Qxc3 24. Rxc3 d4 25. Rxc6 Rd8 26. Rc2 Bd3 27. Rd2 Bf5 28. f3 Kg7 29. Bf1 Kf6 30. Kf2 g5 31. Bd3 Bxd3 32. Rxd3 Ke5 33. Ke2 Rc8 34. Kd2 Rb8 35. Kc2 Kd5 36. Rb3 Re8 37. Kd2 Re7 38. Rb5+ Kc4 39. Rb4+ Kc5 40. Ra4 Re3 41. Rxa7 Rxf3 42. Ra5+ Kc4 43. Ra4+ Kd5 44. Ra5+ Ke4 45. Rxg5 Rf2+ 46. Ke1 Rxb2 47. a4 Rxh2 48. Rg7 Ke3 49. Kf1 d3 50. Rxf7 d2 51. Re7+ Kf3 52. Rf7+ Kxg3 53. Rg7+ Kf3 54. Rf7+ Kg4 55. Rg7+ Kf4 56. Rf7+ Ke4 57. Rd7 Ke3 58. Re7+ Kd3 59. Rd7+ Kc3 60. a5 Rh1+ 61. Ke2 Re1+ 62. Kf2 d1=Q 63. Rxd1 Rxd1 64. a6 Ra1 0-1


[Site "https://www.chess.com"]

[Event "Titled Tuesday Blitz November 15 Late 2022"]
[White "Sailer, Mike"]
[Black "Gonzalez, Francisco Silva"]
[WhiteFideId "2012901"]
[BlackFideId "1512285"]
[WhiteElo "2109"]
[BlackElo "2159"]
[Result "0-1"]
[Round "05"]
[TimeControl "180+1"]
[Date "2022.11.16"]
[WhiteClock "0:00:01"]
[BlackClock "0:01:46"]

1. Nf3 d5 2. c4 e6 3. g3 a6 4. cxd5 exd5 5. Bg2 Bd6 6. O-O Nf6 7. d4 O-O 8. Nc3 c6 9. Bg5 Re8 10. Re1 h6 11. Bxf6 Qxf6 12. Na4 Bf5 13. Qb3 b5 14. Nc5 Ra7 15. e3 Bg4 16. Nd2 Nd7 17. Nxd7 Rxd7 18. Rec1 Rc7 19. a4 Be2 20. axb5 Bxb5 21. Bf1 Rb8 22. Bxb5 Rxb5 23. Qc2 Rcb7 24. b3 Bb4 25. Rxa6 Bxd2 26. Qxd2 Rxb3 27. Raxc6 Qf3 28. Qd1 Qf5 29. Qc2 Qxc2 30. R1xc2 Rb1+ 31. Kg2 g6 32. Rd6 R7b5 33. Rc5 Rb7 34. Rcxd5 R1b2 35. Rf6 Kg7 36. Rf4 g5 37. Rff5 Kg6 38. e4 f6 39. Rd6 Rf7 0-1


[Site "https://www.chess.com"]

[Event "Titled Tuesday Blitz November 15 Late 2022"]
[White "Salman, Pavel"]
[Black "Bernat, David"]
[WhiteFideId "24153753"]
[BlackFideId "2099225"]
[WhiteElo "2187"]
[BlackElo "2342"]
[Result "1-0"]
[Round "05"]
[TimeControl "180+1"]
[Date "2022.11.16"]
[WhiteClock "0:00:03"]
[BlackClock "0:00:02"]

1. d4 d5 2. Nc3 Nf6 3. Bf4 c5 4. e4 cxd4 5. Qxd4 Nc6 6. Bb5 e6 7. O-O-O Bd7 8. Bxc6 bxc6 9. exd5 cxd5 10. Nf3 Qb6 11. Rhe1 Bc5 12. Qe5 O-O 13. Bg5 Rab8 14. Na4 Bxa4 15. Bxf6 gxf6 16. Qxf6 d4 17. Qg5+ Kh8 18. Qf6+ Kg8 19. b3 Ba3+ 20. Kb1 Rfc8 21. Rxd4 Rxc2 22. Rg4+ Kf8 23. Rxa4 Rb2+ 24. Qxb2 Bxb2 25. Kxb2 Rc8 26. Nd4 Rd8 27. Re4 f5 28. Nxe6+ 1-0


[Site "https://www.chess.com"]

[Event "Titled Tuesday Blitz November 15 Late 2022"]
[White "Sanal, Vahap"]
[Black "Bashirli, Nail"]
[WhiteFideId "6300545"]
[BlackFideId "13406809"]
[WhiteElo "2574"]
[BlackElo "2318"]
[Result "1-0"]
[Round "05"]
[TimeControl "180+1"]
[Date "2022.11.15"]
[WhiteClock "0:01:54"]
[BlackClock "0:00:34"]

1. b3 e5 2. Bb2 Nc6 3. e3 a6 4. c4 d6 5. Nc3 g6 6. h4 h6 7. d4 Bg7 8. d5 Nce7 9. h5 g5 10. e4 f5 11. exf5 Bxf5 12. Bd3 Qd7 13. Bxf5 Nxf5 14. Nge2 Nf6 15. Qd3 O-O 16. Ne4 b5 17. Nxf6+ Rxf6 18. Nc3 bxc4 19. bxc4 Rb8 20. Rb1 Rff8 21. O-O e4 22. Qc2 e3 23. Ne4 Rxb2 24. Rxb2 Nd4 25. Qd3 e2 26. Rxe2 Qg4 27. Re3 Qxh5 28. Ng3 Qf7 29. Re4 Qf6 30. Nh5 1-0


[Site "https://www.chess.com"]

[Event "Titled Tuesday Blitz November 15 Late 2022"]
[White "Sarana, Alexey"]
[Black "Baskakov, Egor"]
[WhiteFideId "24133795"]
[BlackFideId "24197866"]
[WhiteElo "2708"]
[BlackElo "2211"]
[Result "1-0"]
[Round "05"]
[TimeControl "180+1"]
[Date "2022.11.15"]
[WhiteClock "0:02:18"]
[BlackClock "0:02:45"]

1. c4 Nf6 2. Nc3 e6 3. e4 d5 4. cxd5 exd5 5. e5 d4 6. exf6 dxc3 7. Bb5+ c6 8. Qe2+ Be6 9. Bc4 cxd2+ 10. Bxd2 Qxf6 11. Nf3 Nd7 12. O-O-O Be7 13. Bg5 Qg6 14. Bxe7 Bxc4 15. Qxc4 Kxe7 16. Rhe1+ Kd8 17. Rxd7+ 1-0


[Site "https://www.chess.com"]

[Event "Titled Tuesday Blitz November 15 Late 2022"]
[White "Sariego Figueredo, Wilfredo"]
[Black "Averjanov, Alexey"]
[WhiteFideId "3500080"]
[BlackFideId "14109867"]
[WhiteElo "2309"]
[BlackElo "2599"]
[Result "0-1"]
[Round "05"]
[TimeControl "180+1"]
[Date "2022.11.16"]
[WhiteClock "0:00:46"]
[BlackClock "0:01:46"]

1. d4 d5 2. Bf4 Nf6 3. e3 e6 4. Bd3 c5 5. c3 Bd6 6. Bg3 Qc7 7. Nf3 Nbd7 8. Nbd2 O-O 9. Qe2 e5 10. Nxe5 Nxe5 11. dxe5 Bxe5 12. Nf3 Bxg3 13. hxg3 h6 14. O-O b6 15. c4 Bb7 16. Rfd1 Rad8 17. Rac1 Qe7 18. cxd5 Nxd5 19. a3 a5 20. Ba6 Ba8 21. Bc4 Rd6 22. Bxd5 Bxd5 23. e4 Ba8 24. Rxd6 Qxd6 25. e5 Qe6 26. Rd1 Re8 27. Rd6 Qb3 28. Qd2 Bxf3 29. Rd8 Bc6 30. Qd6 Rxd8 31. Qxd8+ Kh7 32. f4 Qd5 33. Qxd5 Bxd5 0-1


[Site "https://www.chess.com"]

[Event "Titled Tuesday Blitz November 15 Late 2022"]
[White "Saydaliev, Saidakbar"]
[Black "Manukyan, Sargis A."]
[WhiteFideId "14203693"]
[BlackFideId "13303970"]
[WhiteElo "2276"]
[BlackElo "2187"]
[Result "1-0"]
[Round "05"]
[TimeControl "180+1"]
[Date "2022.11.16"]
[WhiteClock "0:00:44"]
[BlackClock "0:00:14"]

1. Nf3 Nf6 2. c4 c5 3. g3 g6 4. Bg2 Bg7 5. O-O O-O 6. d4 cxd4 7. Nxd4 Nc6 8. Nc3 Ng4 9. Nb3 d6 10. h3 Nge5 11. c5 dxc5 12. Qxd8 Rxd8 13. Nxc5 b6 14. Nd3 Bb7 15. Nxe5 Bxe5 16. Bg5 Bxc3 17. bxc3 Kf8 18. Rfd1 Na5 19. Bf1 Rac8 20. Rd4 Ke8 21. Rad1 Rxd4 22. cxd4 Rc2 23. Rc1 Rxa2 24. Rc7 f6 25. Bf4 Kd8 26. g4 e5 27. Rxb7 Nxb7 28. dxe5 fxe5 29. Bxe5 a5 30. Bg2 Nc5 31. Bf6+ Kd7 32. e4 a4 33. e5 Re2 34. Bd5 a3 35. Kf1 a2 36. Kxe2 Ne6 37. Bxa2 b5 38. Kd3 Nf4+ 39. Ke4 Nxh3 40. f4 Nf2+ 41. Kf3 Nd3 42. f5 gxf5 43. gxf5 b4 44. e6+ Ke8 45. Bc4 Nc5 46. Bb5+ Kf8 47. e7+ Kf7 48. e8=Q+ Kxf6 49. Qf8+ 1-0


[Site "https://www.chess.com"]

[Event "Titled Tuesday Blitz November 15 Late 2022"]
[White "Silvestre, Christian"]
[Black "Szyszylo, Rafal"]
[WhiteFideId "30956269"]
[BlackFideId "1109626"]
[WhiteElo "2332"]
[BlackElo "1981"]
[Result "0-1"]
[Round "05"]
[TimeControl "180+1"]
[Date "2022.11.16"]
[WhiteClock "0:00:05"]
[BlackClock "0:00:06"]

1. Nf3 d6 2. d4 g6 3. Bg5 h6 4. Bh4 Bg7 5. e3 Nf6 6. Bd3 Nbd7 7. O-O e5 8. Nbd2 Qe7 9. dxe5 dxe5 10. Ne4 O-O 11. Qe2 b6 12. Nxf6+ Bxf6 13. Be4 Rb8 14. Bxf6 Nxf6 15. Nd2 Nxe4 16. Nxe4 Bb7 17. Nc3 Qb4 18. Rab1 Rbd8 19. Rfd1 f5 20. a3 Qc5 21. Rxd8 Rxd8 22. Rd1 Rd6 23. Rxd6 Qxd6 24. Qc4+ Kf8 25. h4 Qc6 26. Qb4+ Kf7 27. f3 a5 28. Qb3+ Qe6 29. Qb5 Ke7 30. Qe2 Qd6 31. Kf2 Qc5 32. Qd2 Qd6 33. Ke1 Qxd2+ 34. Kxd2 g5 35. hxg5 hxg5 36. Ne2 Ke6 37. b3 g4 38. Ng1 f4 39. e4 g3 40. Ne2 Ba6 41. c4 a4 42. Kc3 axb3 43. Kxb3 Kd6 44. Nc3 c6 45. Kb4 Bc8 46. a4 Be6 47. Kb3 Kc5 48. a5 Bxc4+ 49. Ka3 bxa5 50. Na4+ Kd4 51. Nb6 Bb5 52. Nd7 Bf1 53. Nb8 Bxg2 54. Nxc6+ Ke3 55. Nxe5 Bxf3 0-1


[Site "https://www.chess.com"]

[Event "Titled Tuesday Blitz November 15 Late 2022"]
[White "Sokolovsky, Yahli"]
[Black "Eljanov, Pavel"]
[WhiteFideId "2820242"]
[BlackFideId "14102951"]
[WhiteElo "2316"]
[BlackElo "2601"]
[Result "0-1"]
[Round "05"]
[TimeControl "180+1"]
[Date "2022.11.15"]
[WhiteClock "0:00:03"]
[BlackClock "0:00:54"]

1. b3 e5 2. Bb2 Nc6 3. e3 d5 4. Nf3 e4 5. Nd4 Nxd4 6. Bxd4 Nf6 7. c4 Be7 8. Nc3 O-O 9. Bxf6 Bxf6 10. cxd5 Be5 11. Bc4 Qg5 12. Qc2 Qxg2 13. O-O-O Qxf2 14. Nxe4 Qh4 15. Rdf1 Bd7 16. Rhg1 g6 17. d6 cxd6 18. Ng5 d5 19. Nf3 Qe7 20. Bxd5 Rac8 21. Bc4 b5 22. Rxg6+ hxg6 23. Qxg6+ Bg7 24. Ng5 Rxc4+ 25. bxc4 fxg6 0-1


[Site "https://www.chess.com"]

[Event "Titled Tuesday Blitz November 15 Late 2022"]
[White "Sreyas Payyappat"]
[Black "Rustemov, Alexander"]
[WhiteFideId "46674969"]
[BlackFideId "4119002"]
[WhiteElo "2083"]
[BlackElo "2816"]
[Result "0-1"]
[Round "05"]
[TimeControl "180+1"]
[Date "2022.11.16"]
[WhiteClock "0:00:16"]
[BlackClock "0:00:28"]

1. e4 e6 2. d4 d5 3. Nc3 Bb4 4. e5 c5 5. a3 Bxc3+ 6. bxc3 Ne7 7. Qg4 O-O 8. Bd3 Qa5 9. Bd2 Nbc6 10. Nf3 f5 11. exf6 Rxf6 12. Ne5 c4 13. Be2 Qa4 14. Bg5 Nxe5 15. dxe5 Rf7 16. Ra2 Nc6 17. Qg3 Bd7 18. O-O Kh8 19. f4 Qa5 20. Qh3 Qc5+ 21. Kh1 Raf8 22. Bh5 Nxe5 23. Re1 Qf2 24. Raa1 Rxf4 25. Bxf4 Qxf4 26. g3 Qg5 27. Rf1 Rf6 28. Rxf6 gxf6 29. Rf1 Kg7 30. Qh4 Qxh4 31. gxh4 f5 32. Kg2 Kf6 33. Kg3 Ba4 34. Rb1 b5 35. Rc1 Nd7 36. Kf4 e5+ 37. Ke3 f4+ 38. Kd2 Nc5 39. Bf3 e4 40. Bh5 e3+ 41. Ke2 Ne4 42. Kf3 Ke5 43. Rg1 Bxc2 44. Rg8 Bd1+ 45. Kg2 Bxh5 46. Rg7 f3+ 47. Kf1 e2+ 48. Ke1 f2# 0-1


[Site "https://www.chess.com"]

[Event "Titled Tuesday Blitz November 15 Late 2022"]
[White "Svane, Rasmus"]
[Black "Ter-Sahakyan, Samvel"]
[WhiteFideId "4657101"]
[BlackFideId "13302531"]
[WhiteElo "2674"]
[BlackElo "2584"]
[Result "0-1"]
[Round "05"]
[TimeControl "180+1"]
[Date "2022.11.15"]
[WhiteClock "0:00:04"]
[BlackClock "0:00:06"]

1. Nf3 d5 2. g3 g6 3. Bg2 Bg7 4. d4 Nf6 5. O-O O-O 6. c4 dxc4 7. Na3 c3 8. bxc3 c5 9. Ne5 Nc6 10. Nxc6 bxc6 11. Nc4 Be6 12. Ne5 Bd5 13. Ba3 Bxg2 14. Kxg2 cxd4 15. cxd4 Qd5+ 16. Kg1 Ne4 17. Qd3 c5 18. Nf3 cxd4 19. Bxe7 Rfe8 20. Ba3 Rac8 21. Bb2 Nc3 22. Rfe1 Qc4 23. Kf1 Re6 24. Rac1 Qxa2 25. Ba1 Qc4 26. Rc2 Qxd3 27. exd3 Rxe1+ 28. Kxe1 Rb8 29. Bb2 a5 0-1


[Site "https://www.chess.com"]